AoeStats
← FthFth

Oasis

510075301Analyzed
4v4 RM · 2d ago on Sep 29, 2026· 42m 9s· 8 players
Game mode
Random Map
Map size
Large (8 player)
Population
200
Speed
Normal
Resources
Standard
Victory
Conquest
Starting age
Dark Age
Ending age
Imperial Age
RankedLock teamsTeams togetherTeam positionsShared explorationLock speedFull tech treeHidden civsTurbo modeCheats
Victory
Defeat
🇹🇷 Bohemians · Türkiye
815
+16
🇨🇳 Mongols · China
725
+20
709
+21
🇨🇳 Teutons · China
679
+22
🇮🇳 Franks · India
872
-22
🇮🇳 Britons · India
834
-20
🇯🇵 Japanese · Japan
813
-20
🇮🇳 Armenians · India
738
-17
King Feet
1:08 Loom
11:40 Feudal Age
16:05 Castle Age
14:54 Pikeman
17:27 Squires
21:06 Wheelbarrow
22:27 Town Watch
27:00 Horse Collar
28:13 Bloodlines
28:35 Husbandry
heat7770
0:29 Loom
10:35 Feudal Age
12:05 Wheelbarrow
11:15 Horse Collar
12:12 Double-Bit Axe
12:25 Gold Mining
12:31 Stone Mining
21:42 Castle Age
22:06 Scale Mail Armor
22:17 Forging
21:56 Arson
22:25 Heavy Plow
23:06 Gold Shaft Mining
22:45 Bow Saw
24:22 Squires
24:46 Chain Mail Armor
25:07 Iron Casting
25:32 Hand Cart
31:25 Imperial Age
32:53 Elite Samurai
35:58 Plate Mail Armor
36:29 Blast Furnace
37:12 Blast Furnace
ExxTACSY
1:07 Loom
13:25 Feudal Age
25:06 Castle Age
23:05 Stone Mining
23:26 Double-Bit Axe
25:29 Wheelbarrow
25:31 Pikeman
Ninja-Rio
12:00 Feudal Age
16:02 Castle Age
15:23 Fletching
15:33 Padded Archer Armor
23:52 Wheelbarrow
23:04 Double-Bit Axe
27:09 Bodkin Arrow
27:29 Leather Archer Armor
28:12 Squires
27:57 Arson
FthFth
8:01 Loom
13:15 Feudal Age
17:30 Castle Age
15:40 Double-Bit Axe
15:38 Horse Collar
18:50 Bow Saw
24:33 Heavy Plow
24:15 Pikeman
26:12 Ballistics
26:42 Fletching
26:54 Scale Mail Armor
30:31 Chemistry
31:19 Wheelbarrow
30:30 Town Watch
31:22 Bodkin Arrow
31:38 Forging
32:48 Hand Cart
35:09 Imperial Age
33:05 Murder Holes
33:13 Padded Archer Armor
33:21 Squires
34:47 Hand Cart
34:33 Town Patrol
35:12 Iron Casting
35:35 Wagenburg Tactics
36:26 Bracer
37:27 Blast Furnace
36:38 Siege Engineers
42:28 Chain Mail Armor
汉东省太想进步厅长
12:28 Feudal Age
12:04 Loom
15:15 Horse Collar
15:23 Double-Bit Axe
19:16 Castle Age
18:38 Gold Mining
18:40 Stone Mining
20:14 Bow Saw
32:03 Imperial Age
30:05 Bloodlines
29:55 Husbandry
31:31 Fletching
31:47 Scale Barding Armor
32:41 Bodkin Arrow
32:57 Forging
33:25 Chain Barding Armor
33:06 Padded Archer Armor
33:47 Heavy Plow
34:42 Bracer
36:04 Gold Shaft Mining
35:45 Heavy Cavalry Archer
36:49 Leather Archer Armor
37:10 Iron Casting
37:07 Conscription
39:11 Ring Archer Armor
39:40 Wheelbarrow
39:15 Capped Ram
42:55 Plate Barding Armor
42:58 Hand Cart
42:31 Town Watch
reality
4:21 Loom
9:06 Feudal Age
16:31 Bloodlines
16:53 Forging
19:08 Wheelbarrow
18:56 Horse Collar
19:03 Double-Bit Axe
23:42 Castle Age
21:49 Scale Barding Armor
23:00 Gold Mining
24:14 Fletching
24:59 Iron Casting
26:18 Gold Shaft Mining
26:16 Husbandry
25:37 Light Cavalry
28:59 Bow Saw
29:32 Bodkin Arrow
33:13 Hand Cart
32:43 Town Watch
34:47 Town Patrol
35:14 Padded Archer Armor
35:34 Chain Barding Armor
36:07 Heavy Plow
37:21 Thumb Ring
44:45 Imperial Age
42:38 Ballistics
42:14 Murder Holes
42:30 Masonry
1907723359
12:33 Feudal Age
16:32 Castle Age
14:40 Double-Bit Axe
14:37 Horse Collar
15:20 Gold Mining
15:47 Loom
15:48 Town Watch
16:53 Stone Mining
19:46 Wheelbarrow
26:16 Bow Saw
26:14 Heavy Plow
27:13 Hand Cart
27:34 Town Patrol
32:00 Imperial Age
32:31 Stone Shaft Mining
31:50 Fletching
33:11 Caravan
35:56 Two-Man Saw
35:30 Crop Rotation
35:37 Bodkin Arrow
36:12 Forging
36:08 Scale Barding Armor
36:04 Scale Mail Armor
36:33 Conscription
36:49 Hoardings
36:49 Crenellations
39:09 Coinage
38:49 Guilds
40:20 Iron Casting
40:06 Chain Barding Armor
40:49 Chemistry
40:00 Masonry
39:52 Elite Teutonic Knight
41:16 Ballistics
41:37 Banking
42:36 Bloodlines
41:46 Cavalier
Connection lost

Rejoining the realm…

Still unreachable

The connection could not be restored.

Session expired

The server has moved on; the page needs a fresh start.